 Dungeon Crawl Stone Soup version 0.27-a0-1193-g8631133 (webtiles) character file.

Game seed: 17793240987559199075

75 Meow the Stinger (level 4, 36/36 HPs)
             Began as a Naga Venom Mage on May 25, 2021.
             Quit the game on level 2 of the Dungeon.
             The game lasted 00:03:48 (1149 turns).

Meow the Stinger (Naga Venom Mage)                  Turns: 1149, Time: 00:03:49

Health: 36/36      AC:  2    Str: 11    XL:     4   Next: 31%
Magic:  4/8        EV:  9    Int: 16    God:
Gold:   83         SH:  0    Dex: 11    Spells: 2/9 levels left

rFire    . . .     SeeInvis +   a - +0 falchion
rCold    . . .     Faith    .   (no shield)
rNeg     . . .     Spirit   .   f - +0 robe
rPois    +         Reflect  .   (no helmet)
rElec    .         Harm     .   (no cloak)
rCorr    .         Rampage  .   (no gloves)
Will     .....                  (no barding)
Stlth    ++........             (no amulet)
HPRegen  0.12/turn              (no ring)
MPRegen  0.11/turn              (no ring)

@: short of breath, very slow
A: AC +1, large, see invisible, deformed body, poison resistance, slowness 2,
spit poison 1, naga tail 1
a: Spit Poison


You were on level 2 of the Dungeon.
You visited 1 branch of the dungeon, and saw 2 of its levels.

You collected 83 gold pieces.

Inventory:

Hand Weapons
 a - a +0 falchion (weapon)
Missiles
 b - 21 bolts
 g - 24 stones (quivered)
Armour
 f - a +0 robe (worn)
Scrolls
 d - a scroll of vulnerability {unknown}
 i - a scroll of summoning {unknown}
Potions
 c - a potion of might {unknown}
 e - 2 potions of curing {unknown}
 h - a potion of attraction {unknown}


   Skills:
 - Level 1.5 Dodging
 + Level 4.1 Stealth
 * Level 3.0 Spellcasting
 - Level 1.0 Transmutations
 * Level 5.1 Poison Magic


You had 2 spell levels left.
You knew the following spells:

 Your Spells              Type           Power      Damage    Failure   Level
a - Sting                 Tmut/Pois      48%        1d5       5%          1
c - Mephitic Cloud        Conj/Pois/Air  7%         N/A       28%         3
C - Ignite Poison         Fire/Tmut/Pois 9%         N/A       24%         3

Your spell library contained the following spells:

 Spells                   Type           Power      Damage    Failure   Level
 Poisonous Vapours        Pois/Air       20%        N/A       10%         2
 Olgreb's Toxic Radiance  Pois           19%        N/A       22%         4


Dungeon Overview and Level Annotations

Branches:
Dungeon (2/15)

Altars:


Innate Abilities, Weirdness & Mutations

Your serpentine skin is tough. (AC +1)
You have supernaturally acute eyesight. (SInv)
Armour fits poorly on your strangely shaped body.
Your system is resistant to poisons. (rPois)
You cover ground very slowly.
You can spit poison.
You have a snake-like lower body.


Message History

The hound stops to sniff the ground.
You have got your breath back.
The hound barely misses you.
You riposte.
You miss the hound.
The hound is lightly wounded.
Press: ? - help, Shift-Dir - straight line, f/p - hound
Aim: a hound (lightly wounded)
The splash of poison misses the hound.
The splash of poison hits the ball python.
The ball python is poisoned.
You kill the ball python!
The hound barely misses you.
You riposte.
You hit the hound but do no damage.
The hound is lightly wounded.
Casting: Sting (safe; 5% risk of failure)
Confirm with . or Enter, or press ? or * to list all spells.
The spell is extremely dangerous to cast (28% risk of failure)!
Continue anyway?
Aiming: Mephitic Cloud (extremely dangerous; 28% risk of failure)
Press: ? - help, Shift-Dir - straight line, f/p - hound
Aim: a hound (lightly wounded, chance to affect: 86%)
The ball explodes into a vile cloud!
The stinking cloud engulfs the hound but does no damage.
The hound is lightly wounded.
The stinking cloud engulfs you but does no damage.
You hear an angry hiss.
The hound is engulfed in noxious fumes.
The hound appears confused.
The hound barely misses you.
You riposte.
You hit the hound.
The hound is moderately wounded.
The hound is engulfed in noxious fumes.
The hound appears confused.
Unknown command.
Unknown command.
You hit the hound.
The hound is severely wounded.
The hound is engulfed in noxious fumes.
The hound appears confused.
The hound completely misses you.
You riposte.
You hit the hound.
You kill the hound!
Your Stealth skill increases to level 4!
Your Spellcasting skill increases to level 3!
Your Poison Magic skill increases to level 5!
You have reached level 4!
You feel stronger.
Are you sure you want to abandon this character and quit the game? (Confirm with "yes".)

# .. # ... # #### .... #
#... ##....
##########...##......
...(......!.....S..#
.(...#####...#...#
#.............°##########
#.......##....°○@.......#
#.......##....####...##..
#.......##.....##.....##..
#†...........#............
#...............<.........
#.......#####.#...........
#.......##... #...........
...........# #...........
........#######........)..


There were no monsters in sight!

Vanquished Creatures
  A hound (D:2)
  2 adders (D:2)
  3 bats
  2 endoplasms (D:1)
  A giant cockroach (D:1)
  3 goblins (D:1)
  A hobgoblin (D:1)
  2 jackals (D:1)
  A quokka (D:1)
  6 ball pythons
  A frilled lizard (D:2)
  2 kobolds
  5 rats
30 creatures vanquished.

Notes
Turn   | Place    | Note
-------+----------+-------------------------------------------
     0 | D:1      | Meow the Naga Venom Mage began the quest for the Orb.
     0 | D:1      | Reached XP level 1. HP: 15/15 MP: 3/3
   239 | D:1      | Found a faded altar of an unknown god.
   411 | D:1      | Reached XP level 2. HP: 22/22 MP: 5/5
   902 | D:2      | Reached XP level 3. HP: 28/28 MP: 4/6
   908 | D:2      | Learned a level 3 spell: Ignite Poison
   912 | D:2      | Learned a level 3 spell: Mephitic Cloud
  1149 | D:2      | Reached skill level 5 in Poison Magic
  1149 | D:2      | Reached XP level 4. HP: 36/36 MP: 4/8
  1149 | D:2      | Quit the game

Illustrated notes

Levels and vault maps discovered:
D:1:      erik_arrival_blinker_ship, layout_loops_ring,
          chequers_ecumenical_altar_grove, solitary_fountain
D:2:      layout_rooms

Skill      XL: |  1  2  3 |
---------------+----------+-----
Stealth        | 4 |  4.1
Spellcasting   | 3 |  3.0
Poison Magic   | 5 |  5.1
Dodging        | |  1.5
Transmutations | |  1.0

Action                   |  1- 3 |  4- 6 || total
-------------------------+-------+-------++-------
Melee: Club              |     2 |       ||     2
       Falchion          |     1 |       ||     1
Throw: Stone             |     7 |       ||     7
 Cast: Sting             |    23 |       ||    23
       Mephitic Cloud    |     3 |       ||     3
 Abil: Spit Poison       |    32 |       ||    32
Armor: Robe              |    10 |       ||    10
Dodge: Dodged            |    15 |       ||    15
       Rpst.: Falchion   |     5 |       ||     5

Table legend: (Time is in decaauts)
 A = Elapsed time spent in this place.
 B = Non-inter-level travel time spent in this place.
 C = Inter-level travel time spent in this place.
 D = Time resting spent in this place.
 E = Time spent auto-exploring this place.
 F = Levels seen in this place.
 G = Mean time per level.
                   A        B        C        D        E       F      G
               +--------+--------+--------+--------+--------+-----+--------+
         Total |   1453 |   1332 |    121 |    259 |    815 |   2 |  726.5 |
       Dungeon |   1453 |   1332 |    121 |    259 |    815 |   2 |  726.5 |
               +--------+--------+--------+--------+--------+-----+--------+

Top non-repeatable levels by time:
     D:1: 1228 daAuts
     D:2: 225 daAuts
